[Event "*** SCC Grand Prix: Titled Tuesday Blitz"]
[Site "Chess.com"]
[Date "2020.09.08"]
[Round "2"]
[White "glebus008"]
[Black "plumalka"]
[Result "0-1"]
[WhiteElo "2170"]
[BlackElo "2411"]
[TimeControl "180+1"]
[EndTime "10:18:23 PDT"]
[Termination "plumalka won on time"]

1. e4 c5 2. Nf3 d6 3. Nc3 Nf6 4.
e5 dxe5 5. Nxe5 a6 6. g3 e6 7. Bg2 Bd6 8. d4 Qc7 9. Nc4 cxd4 10. Qxd4 Bc5 11. Qh4 Nc6 12. O-O b5 13. Bf4 Qd7 14.
Rad1 Nd5 15. Nxd5 exd5 16. Rxd5 Qe7 17. Qxe7+ Bxe7 18. Nd6+ Kf8 19. Rc5 Be6 20. Bxc6 Rd8 21. Rd1 g5 22. Be5 f6 23. Bc3 Rxd6 24. Rxd6 Bxd6 25.
Bxf6 Bxc5 26. Bxh8 Bxa2 27. b3 Bb1 28. Be4 a5 29.
Bf6 g4 30. Bxh7 a4 31. bxa4 bxa4 32. Bf5 Kf7 33. Ba1 Be7 34. Bxg4 Bf6 35. Bd1 Bxa1 36. h4 a3 37. h5 Bc3 38. h6 Kg8 39. h7+ Kxh7 40. g4 a2 0-1

[Event "*** SCC Grand Prix: Titled Tuesday Blitz"]
[Site "Chess.com"]
[Date "2020.09.08"]
[Round "2"]
[White "Jungle_Jaguar"]
[Black "THE_PLAYER6"]
[Result "1-0"]
[WhiteElo "2682"]
[BlackElo "2459"]
[TimeControl "180+1"]
[EndTime "10:18:24 PDT"]
[Termination "Jungle_Jaguar won by resignation"]

1. e4 e5 2. Nf3 Nc6 3. Bb5 g6 4. O-O Bg7 5. c3 Nge7 6. d4 a6 7. Bxc6 Nxc6 8. d5 Ne7 9. d6 Nc6 10. Qd5 O-O 11. Bg5 Bf6 12. dxc7 Qe7 13. Bxf6 Qxf6 14. Rd1 b6 15. Na3 Ra7 16. Nc4 Rxc7 17. Nxb6 Rd8 18. Qd6 Qxd6 19. Rxd6 Kf8 20. Rad1 Ke7 21.
R6d2 Rb7 22. Nd5+ Kf8 23. b3 h6 24. h4 a5 25. Ne3 Ke7 26. Ng4 d6 27. Ne3 Be6 28.
Ne1 h5 29. f3 a4 30. b4 Na7 31. Nd5+ Bxd5 32. Rxd5 Nb5 33. Rc1 Rc8 34. Rd3 Na3 35. Kf2 Rxb4 36. cxb4 Rxc1 37. Rxa3 Rb1 38. Rxa4 Rb2+ 39.
Kf1 Ke6 40. a3 f5 41. Ra5 fxe4 42. fxe4 Kf6 43. b5 g5 44. hxg5+ Kxg5 45. a4 Kf4 46. Ra6 Kxe4 47. Rxd6 Rb4 48. Ra6 h4 49. b6 Rb2 50.
a5 Ke3 51. Ra7 e4 52. b7 Re2 53. a6 Rf2+ 54. Kg1 Rb2 55. Ra8 Ke2 56. b8=Q 1-0

[Event "*** SCC Grand Prix: Titled Tuesday Blitz"]
[Site "Chess.com"]
[Date "2020.09.08"]
[Round "2"]
[White "albi1999"]
[Black "Zarinur"]
[Result "1-0"]
[WhiteElo "2613"]
[BlackElo "2122"]
[TimeControl "180+1"]
[EndTime "10:18:24 PDT"]
[Termination "albi1999 won on time"]

1. d4 Nf6 2. c4 e6 3. Nf3 d5 4. g3 dxc4 5. Bg2 Bd7 6. Ne5 Bc6 7. Nxc6 Nxc6 8. O-O Nxd4 9. Bxb7 Rb8 10. Bg2 Bc5 11. Qa4+ Qd7 12. Qxc4 Qb5 13. Qxb5+ Rxb5 14. Nc3 Rb8 15.
Rd1 O-O 16. e3 Nf5 17. b3 Rfd8 18. Bb2 Kf8 19. Rxd8+ Rxd8 20. Rd1 Rxd1+ 21. Nxd1 Nd6 22. Kf1 Ke7 23. Ke2 g6 24. Kd3 Nd7 25. Nc3 Bb6 26. Ba3 Ne5+ 27. Ke2 Kd7 28. h3 f5 29. f4 Nef7 30. e4 Ba5 31. b4 Bb6 32. e5 Nc4 33. Bc1 Bd4 34. Kd3 Bxc3 35. Kxc3 Nb6 36. Kd4 Nd8 37. Kc5 c6 38. Kd4 Nb7 39. Bd2 Nd5 40.
a4 Kc7 41. Bf3 Nd8 42. Be2 Nf7 43. Bc4 Nd8 44. Bb3 Nf7 45. b5 cxb5 46. Bxd5 exd5 47.
axb5 1-0

[Event "*** SCC Grand Prix: Titled Tuesday Blitz"]
[Site "Chess.com"]
[Date "2020.09.08"]
[Round "2"]
[White "CakeinSpace2002"]
[Black "korbul"]
[Result "0-1"]
[WhiteElo "2254"]
[BlackElo "2469"]
[TimeControl "180+1"]
[EndTime "10:18:24 PDT"]
[Termination "korbul won by resignation"]

1. e4 c5 2. Nf3 e6 3. d4 cxd4 4. Nxd4 Nf6 5. Nc3 d6 6. g4 a6 7. Be3 e5 8. Nf5 g6 9. Ng3 Bxg4 10. f3 Be6 11. Qd2 Nc6 12. O-O-O Be7 13. h4 h5 14. Bh3 Qa5 15. Bxe6 fxe6 16. Nge2 O-O-O 17. Kb1 d5 18. exd5 exd5 19. Bg5 d4 20. Ne4 Qxd2 21. Nxd2 Nd5 22. Bxe7 Ncxe7 23. Ne4 Rhf8 24. Ng5 Rd6 25. Ng3 Ne3 26. Rde1 N7f5 27. N3e4 Rc6 28. c3 Kb8 29. Rh2 Ka7 30. a3 b5 31. Rd2 a5 32. cxd4 exd4 33. Rxd4 Nxd4 34. Rxe3 b4 35. axb4 axb4 36. Rd3 Nf5 37.
Rd7+ Kb6 38. b3 Rfc8 39. Rd2 Ne3 40. Rd6 Rxd6 41. Nxd6 Rc3 42. Kb2 Nd1+ 43. Ka2 Rc2+ 44. Kb1 Rh2 45. Nc4+ Kc5 46. Ne5 Nc3+ 47. Kc1 Rxh4 48.
Nxg6 Rh1+ 49. Kd2 h4 50. Ke3 h3 51. Kf2 Rb1 52. Nxh3 Rxb3 53. Ne5 Nd5 54. f4 Rxh3 0-1

[Event "*** SCC Grand Prix: Titled Tuesday Blitz"]
[Site "Chess.com"]
[Date "2020.09.08"]
[Round "2"]
[White "LedakovAlexandr"]
[Black "anon569"]
[Result "1-0"]
[WhiteElo "2465"]
[BlackElo "2250"]
[TimeControl "180+1"]
[EndTime "10:18:24 PDT"]
[Termination "LedakovAlexandr won on time"]

1. d4 Nf6 2. Nf3 e6 3. Bg5 b6 4. Nbd2 c5 5. e3 Bb7 6. Bd3 Be7 7. c3 cxd4 8. Bxf6 Bxf6 9. exd4 d6 10. Qe2 Nd7 11.
O-O-O O-O 12. h4 Rc8 13. g4 b5 14. g5 Be7 15. Bxb5 Nb6 16. Ba6 Qd7 17. Bxb7 Qxb7 18.
Nb3 Nc4 19. Nfd2 d5 20. Rdg1 a5 21. Nxc4 dxc4 22. Nd2 Qb5 23. Nb1 Rb8 24. f3 Bd6 25. Rg4 a4 26. a3 Qf5 27. Qe4 Qb5 28. Qc2 Qd5 29. Nd2 Rb7 30. Qe4 Qb5 31. Nxc4 Rc8 32.
Qxb7 Qxb7 33. Nxd6 Qxf3 34. Rhg1 Rb8 35. Nc4 Qf2 36.
R4g2 Qf4+ 37. Nd2 Qxh4 38. Rf1 Qh5 39. Rgf2 Rb7 40. Ne4 Qg4 41. Re1 Qg3 42. Nxg3 1-0

[Event "*** SCC Grand Prix: Titled Tuesday Blitz"]
[Site "Chess.com"]
[Date "2020.09.08"]
[Round "2"]
[White "Beltraxtor"]
[Black "Fandorine"]
[Result "0-1"]
[WhiteElo "2565"]
[BlackElo "2903"]
[TimeControl "180+1"]
[EndTime "10:18:25 PDT"]
[Termination "Fandorine won on time"]

1. e4 c5 2. Nf3 d6 3. Bb5+ Nd7 4. d4 cxd4 5. Qxd4 a6 6. Bxd7+ Bxd7 7. Nc3 Nf6 8. Bg5 e6 9. O-O Be7 10. a4 Bc6 11. Rad1 Rc8 12. Rfe1 O-O 13. Qd3 Qc7 14. Nd4 Ng4 15. Bxe7 Qxe7 16. f4 Qh4 17. Qg3 Qxg3 18. hxg3 Rfd8 19. Rd3 Kf8 20. Red1 Be8 21. Kf1 Ke7 22.
Ke2 h6 23. Nf3 Bc6 24. R1d2 b6 25. Rd4 Ba8 26. Nd1 Nf6 27. Nf2 d5 28. e5 Nd7 29.
g4 b5 30. axb5 axb5 31. Rb4 Rc4 32. Nd3 g5 33. fxg5 hxg5 34. c3 Rh8 35. Nxg5 Rg8 36. Nf3 Rgxg4 37. Kf2 Rg8 38. Rxb5 Rcg4 39. Nde1 Bc6 0-1

[Event "*** SCC Grand Prix: Titled Tuesday Blitz"]
[Site "Chess.com"]
[Date "2020.09.08"]
[Round "2"]
[White "vovachesss"]
[Black "SARGISMV"]
[Result "0-1"]
[WhiteElo "2676"]
[BlackElo "2490"]
[TimeControl "180+1"]
[EndTime "10:18:26 PDT"]
[Termination "SARGISMV won by resignation"]

1. d4 Nf6 2. Nf3 c5 3. dxc5 Na6 4. c4 Nxc5 5. Nc3 g6 6. Bf4 Bg7 7. e3 O-O 8. Be2 Nfe4 9. Nxe4 Nxe4 10. Qc2 Qa5+ 11.
Kf1 f5 12. a3 d6 13. h4 e5 14. Bh2 Bd7 15. b4 Qc7 16. Rd1 a5 17. Ng5 axb4 18.
axb4 Ba4 19. Qd3 Bxd1 20. Bxd1 Ra2 21. Bc2 Nxg5 22. hxg5 Ra1+ 23. Bd1 e4 24. Qd5+ Qf7 25. Qxf7+ Kxf7 26. Ke2 Ke6 27. c5 d5 28. Bc7 Rfa8 29. Ba5 Rh8 30. f3 h6 31. gxh6 Rxh6 32. Rxh6 Bxh6 33. f4 Ra2+ 34. Ke1 Bg7 35. g4 Bc3+ 36.
Kf1 Ra1 37. Ke2 fxg4 38. Bb3 g3 39. c6 bxc6 40. b5 cxb5 41. Bxc3 Ra3 42. Be1 g2 43. Kf2 Rxb3 44. Kxg2 Rxe3 45. Bf2 Rf3 46. Bd4 b4 47. Kh2 Rxf4 48. Kg3 Kf5 49. Be3 Rf3+ 0-1

[Event "*** SCC Grand Prix: Titled Tuesday Blitz"]
[Site "Chess.com"]
[Date "2020.09.08"]
[Round "2"]
[White "Morshynska"]
[Black "QuintilianoR"]
[Result "0-1"]
[WhiteElo "2174"]
[BlackElo "2620"]
[TimeControl "180+1"]
[EndTime "10:18:26 PDT"]
[Termination "QuintilianoR won by checkmate"]

1. e4 c5 2. Nf3 d6 3. Bb5+ Nd7 4.
d4 cxd4 5. Qxd4 a6 6. Bxd7+ Bxd7 7. c4 Rc8 8. Nc3 e5 9. Qd3 Qc7 10. Nd2 Nf6 11. O-O Be7 12. a4 O-O 13. a5 Be6 14. b3 b5 15. axb6 Qxb6 16. Ba3 Rfd8 17. h3 g6 18. Kh2 Qb7 19. g4 Nd7 20. Nd5 Bxd5 21. Qxd5 Qb8 22. Rfb1 Nc5 23. f3 Bg5 24. Nf1 Ne6 25. Qd1 Qb6 26. Qe2 Nf4 27. Qe3 Qc7 28.
Qf2 Qe7 29. Qc2 Qf6 30. Bb4 Ne6 31. Kg2 Nd4 32. Qf2 Bh4 33. Qe3 Nc2 34. Qd3 Nxb4 35. Qd2 Nc6 36. Ne3 Nd4 37. Qd1 Qf4 38. Nf1 h5 39.
Rxa6 hxg4 40. fxg4 Kg7 41. b4 Qf2+ 42. Kh1 Nf3 43. Ra2 Qg1# 0-1

[Event "*** SCC Grand Prix: Titled Tuesday Blitz"]
[Site "Chess.com"]
[Date "2020.09.08"]
[Round "2"]
[White "mamey78"]
[Black "Sacbutt"]
[Result "1-0"]
[WhiteElo "2441"]
[BlackElo "2223"]
[TimeControl "180+1"]
[EndTime "10:18:26 PDT"]
[Termination "mamey78 won on time"]

1. e4 c5 2. Nf3 d6 3. d4 cxd4 4. Nxd4 Nf6 5. Nc3 a6 6. Bg5 e6 7. f4 Be7 8. Qf3 Qc7 9. O-O-O Nbd7 10. g4 b5 11. Bxf6 Nxf6 12. g5 Nd7 13. f5 Ne5 14. Qg3 b4 15. Nce2 exf5 16. Nxf5 Bxf5 17. exf5 Rc8 18. Nd4 Nc6 19. Nxc6 Qxc6 20. Bd3 f6 21. Rhe1 Rc7 22. Re6 O-O 23. g6 h6 24. Kb1 Rd8 25.
Be4 Qc5 26. Qd3 a5 27. Bd5 Kh8 28. Rde1 Bf8 29. b3 Qf2 30. Bc4 Qc5 31. R1e4 d5 32.
Rd4 Rcd7 33. Bb5 Rd6 34. Rxd6 Qxd6 35. Bc4 Qxh2 36. Rxd5 Qh1+ 37. Kb2 Rxd5 38. Bxd5 Qh2 39. Bc4 Qe5+ 40. Kb1 Qf4 41. a4 Qd6 42. Qe4 Qe7 43. Qd5 Qe1+ 44. Ka2 1-0

[Event "*** SCC Grand Prix: Titled Tuesday Blitz"]
[Site "Chess.com"]
[Date "2020.09.08"]
[Round "2"]
[White "Snegokhod"]
[Black "WiktoriaPOL"]
[Result "1-0"]
[WhiteElo "2358"]
[BlackElo "1958"]
[TimeControl "180+1"]
[EndTime "10:18:26 PDT"]
[Termination "Snegokhod won on time"]

1. e4 c5 2. Nf3 g6 3. d4 cxd4 4. Qxd4 Nf6 5. e5 Nc6 6. Qf4 Nd5 7. Qe4 Ndb4 8. Na3 d5 9. exd6 Qxd6 10. Bf4 Qe6 11.
Qxe6 Bxe6 12. c3 Nd5 13. Bd2 Bg7 14. Bc4 O-O-O 15. Ng5 Ne5 16. Nxe6 fxe6 17. Be2 Rhf8 18. Nb5 a6 19. Nd4 Rd6 20. g3 Nc6 21. Nxc6 Rxc6 22.
O-O Rd8 23. Rad1 Nf6 24. Bf3 Rcd6 25. Bf4 R6d7 26. Rxd7 Rxd7 27. Re1 Nd5 28. Bc1 e5 29. Bg4 Kc7 30. Bxd7 Kxd7 31. f3 Kc6 32. Kf2 Nb6 33.
Ke3 Nc4+ 34. Kd3 b5 35. b3 Nb6 36. c4 bxc4+ 37. bxc4 Kc5 38. Ba3+ Kc6 39. Bxe7 Na4 40. Rb1 Nb2+ 41. Rxb2 e4+ 42. fxe4 Bxb2 43. c5 Ba3 44. Kc4 Bb2 45. Bd6 Ba3 46. e5 Bc1 47. e6 Bg5 48. e7 Kd7 49. Kd5 Bxe7 50. c6+ Kd8 51. Bxe7+ Kxe7 52.
g4 Kd8 53. g5 Kc7 54. Kc5 Kc8 55. Kb6 Kb8 56. Kxa6 Kc7 57. Kb5 1-0

[Event "*** SCC Grand Prix: Titled Tuesday Blitz"]
[Site "Chess.com"]
[Date "2020.09.08"]
[Round "2"]
[White "barbosean"]
[Black "IroniaSudby"]
[Result "1-0"]
[WhiteElo "2302"]
[BlackElo "2494"]
[TimeControl "180+1"]
[EndTime "10:18:27 PDT"]
[Termination "barbosean won on time"]

1. e4 e5 2. Nf3 Nf6 3. Nxe5 d6 4. Nf3 Nxe4 5. Qe2 Qe7 6. d3 Nf6 7. Bg5 Qxe2+ 8. Bxe2 Be7 9. Nc3 c6 10. O-O-O Na6 11.
Rhe1 Nc7 12. d4 Bf5 13. h3 Ne6 14. g4 Bg6 15. Be3 Kd7 16. d5 cxd5 17. Nxd5 Nxd5 18. Rxd5 Be4 19. Rd2 h5 20. g5 Rac8 21. h4 a6 22. Ne5+ Kc7 23. Nc4 Kb8 24. Nb6 Rc6 25. Nd5 Bd8 26.
f3 Bg6 27. Bd3 Ba5 28. c3 Rf8 29. f4 Bxd3 30. Rxd3 Nc5 31. Bxc5 dxc5 32. f5 c4 33. Rde3 Rd8 34. Re8 Rd6 35. Nf4 Bc7 36.
Nxh5 Ka7 37. Nxg7 R8d7 38. R8e7 Bb6 39. Rxd7 Rxd7 40. h5 Bf2 41. Re2 Bh4 42. Rg2 Rd3 43. h6 Rh3 44. g6 fxg6 45. fxg6 Bg3 46. Nf5 Bf4+ 47. Kc2 1-0

[Event "*** SCC Grand Prix: Titled Tuesday Blitz"]
[Site "Chess.com"]
[Date "2020.09.08"]
[Round "2"]
[White "Artem_Sadovsky"]
[Black "Rud_Makarian"]
[Result "1-0"]
[WhiteElo "2526"]
[BlackElo "2758"]
[TimeControl "180+1"]
[EndTime "10:18:28 PDT"]
[Termination "Artem_Sadovsky won on time"]

1. Nf3 Nf6 2. g3 b6 3. Bg2 Bb7 4. O-O e6 5. c4 Be7 6. b3 O-O 7.
Bb2 c5 8. d3 d6 9. Nbd2 a6 10.
Qc2 Nc6 11. Rad1 Rc8 12. Qb1 b5 13. Qa1 Qb6 14. Rfe1 Rfd8 15. Rc1 a5 16. cxb5 Qxb5 17. a4 Qb6 18. Nc4 Qa7 19. Na3 Nb4 20. d4 cxd4 21.
Bxd4 Qa6 22. Qb2 e5 23. Bc3 Nbd5 24. Nb5 Ne4 25. Nd2 Ndxc3 26. Nxc3 Nxc3 27. Rxc3 Rxc3 28.
Qxc3 Bxg2 29. Kxg2 Rc8 30. Qd3 Qxd3 31. exd3 Rc3 32.
Nc4 Rxb3 33. Nxa5 Ra3 34. Nc6 Kf8 35. Rb1 Ke8 36. Rb7 Bg5 37. a5 Ra2 38. Kf3 d5 39. Nxe5 Rxa5 40. Nxf7 1-0

[Event "*** SCC Grand Prix: Titled Tuesday Blitz"]
[Site "Chess.com"]
[Date "2020.09.08"]
[Round "2"]
[White "Vuk2000"]
[Black "M1711"]
[Result "1-0"]
[WhiteElo "2722"]
[BlackElo "2487"]
[TimeControl "180+1"]
[EndTime "10:18:28 PDT"]
[Termination "Vuk2000 won on time"]

1. e4 e5 2. Nf3 Nc6 3. d4 exd4 4.
Nxd4 Bb4+ 5. c3 Bc5 6. Nf5 g6 7.
Be3 Bxe3 8. Nxe3 Nf6 9. f3 O-O 10. Bc4 Qe7 11. O-O b5 12. Bxb5 Qc5 13. Qe2 Rb8 14. Na3 d5 15. Bxc6 Qxc6 16. Nxd5 Nxd5 17.
exd5 Qxd5 18. Rf2 Bf5 19. Qc4 Qd6 20. Nb5 Qa6 21. a4 Bd7 22. Rd1 Bxb5 23. axb5 Rxb5 24. Qxc7 Qa4 25. Qd6 Rfb8 26. Rdd2 Rxb2 27. Rxb2 Qa1+ 28.
Rf1 Qxb2 29. c4 Rc8 30. Qd5 Qc3 31. Qb7 Qd4+ 32. Kh1 Rxc4 33. h3 Rc2 34. Qb8+ Kg7 35.
Re1 a5 36. Qb3 Rc3 37. Qb2 a4 38. Ra1 Rd3 39. Qa2 1-0

[Event "*** SCC Grand Prix: Titled Tuesday Blitz"]
[Site "Chess.com"]
[Date "2020.09.08"]
[Round "2"]
[White "Caracternin123"]
[Black "MPGM"]
[Result "1-0"]
[WhiteElo "2685"]
[BlackElo "2469"]
[TimeControl "180+1"]
[EndTime "10:18:28 PDT"]
[Termination "Caracternin123 won on time"]

1. d4 d5 2. Bf4 c5 3. e3 Nc6 4.
c3 Bf5 5. Nd2 e6 6. Ngf3 Qb6 7.
Qb3 c4 8. Qxb6 axb6 9. e4 dxe4 10. Ng5 Nf6 11. Bxc4 h6 12. Nh3 Nd5 13. Bg3 e3 14. Nf3 exf2+ 15. Kxf2 Bxh3 16. gxh3 Kd7 17. Ne5+ Nxe5 18. Bxe5 f6 19. Bb5+ Kc8 20. Bg3 Nc7 21. Bc4 b5 22. Bb3 Nd5 23. c4 bxc4 24. Bxc4 Kd7 25.
Bb5+ Ke7 26. Rhe1 Kf7 27. a3 Be7 28. Rac1 Rhd8 29. Re2 Bd6 30. Rce1 Bxg3+ 31. hxg3 Rd6 32. Bc4 Rc8 33. Rxe6 Rd7 34. Bb3 Kg6 35. R6e2 Rcd8 36. Bc2+ Kf7 37. Bf5 Rd6 38. Rc1 g6 39. Bb1 f5 40.
Re5 Kf6 41. Ba2 Nb6 42. Rc7 Kg5 43. h4+ Kg4 44. d5 Nxd5 45. Rc4+ f4 46. Rd4 g5 47. hxg5 1-0

[Event "*** SCC Grand Prix: Titled Tuesday Blitz"]
[Site "Chess.com"]
[Date "2020.09.08"]
[Round "2"]
[White "Dr-Bassem"]
[Black "OhanyanEminChess"]
[Result "0-1"]
[WhiteElo "2762"]
[BlackElo "2532"]
[TimeControl "180+1"]
[EndTime "10:18:29 PDT"]
[Termination "OhanyanEminChess won on time"]

1. e4 e5 2. Nf3 Nc6 3. Bb5 f5 4.
d3 fxe4 5. dxe4 Nf6 6. O-O Bc5 7. Qd3 d6 8. Bc4 Qe7 9. Nc3 Be6 10. Nd5 Bxd5 11. Bxd5 Nxd5 12. exd5 Nd4 13. Nxd4 Bxd4 14. Qb5+ Qd7 15. Qxb7 O-O 16. c3 Bb6 17. Qa6 Qf7 18. Qc4 Bxf2+ 19. Kh1 Qh5 20. h3 Rf3 21. Qg4 Qxg4 22.
hxg4 Rf7 23. Bd2 e4 24. Be1 Raf8 25. Bxf2 Rxf2 26. Rxf2 Rxf2 27. Re1 Rf4 28. g5 Kf8 29. g3 Rg4 30. Kg2 Rxg5 31. c4 Re5 32. Re3 h5 33. Kf2 g5 34. Ra3 h4 35. g4 e3+ 36. Rxe3 Rxe3 37.
Kxe3 Ke7 38. b4 a5 39. b5 Kd7 40. Ke4 a4 41. a3 Kc8 0-1

[Event "*** SCC Grand Prix: Titled Tuesday Blitz"]
[Site "Chess.com"]
[Date "2020.09.08"]
[Round "2"]
[White "Msb2"]
[Black "krasavetc"]
[Result "1-0"]
[WhiteElo "2888"]
[BlackElo "2341"]
[TimeControl "180+1"]
[EndTime "10:18:30 PDT"]
[Termination "Msb2 won by resignation"]

1. d4 Nf6 2. c4 e6 3. Nc3 d5 4.
cxd5 exd5 5. Bg5 Be7 6. e3 O-O 7. Bd3 c6 8. h3 h6 9. Bf4 Bd6 10. Nge2 Nh5 11. Bxd6 Qxd6 12. Qc2 f5 13. g4 fxg4 14.
hxg4 Bxg4 15. Rg1 Bf3 16. O-O-O Na6 17. a3 b5 18. Rg6 Rf6 19. Rdg1 Raf8 20. Nf4 Rxg6 21.
Rxg6 Qd7 22. Nxh5 Bxh5 23. Rg3 Nc7 24. Ne2 Rxf2 25. Qd1 Qd6 26. Qg1 Qf6 27. Nf4 Rxf4 28. exf4 Ne6 29. Kb1 Qxd4 30. Qe1 Nxf4 31. Bc2 Bf7 32.
Qe7 g5 33. Qd6 Kg7 34. Qxc6 Qc4 35. Qd6 d4 36. Qxf4 Qa2+ 37. Kc1 Qa1+ 38. Kd2 Qxb2 39. Qe5+ Kg8 40. Rd3 b4 41. Qxd4 bxa3 42. Qxb2 axb2 43. Rd8+ Kg7 44. Rb8 g4 45. Rxb2 h5 46. Ke3 a5 47.
Kf4 Be6 48. Rb6 Kf6 49. Bb3 1-0

[Event "*** SCC Grand Prix: Titled Tuesday Blitz"]
[Site "Chess.com"]
[Date "2020.09.08"]
[Round "2"]
[White "ArjunErigaisi2003"]
[Black "chessplayer9919"]
[Result "1-0"]
[WhiteElo "3056"]
[BlackElo "2602"]
[TimeControl "180+1"]
[EndTime "10:18:31 PDT"]
[Termination "ArjunErigaisi2003 won by checkmate"]

1. e4 e5 2. Nf3 Nc6 3. Bb5 Nf6 4. d3 Bc5 5. c3 d6 6. O-O O-O 7.
Nbd2 Bd7 8. b4 Bb6 9. Nc4 Ne7 10. Nxb6 axb6 11. Bc4 Ba4 12. Bb3 Bxb3 13. Qxb3 b5 14. Bg5 Ng6 15. Nh4 Nxh4 16. Bxh4 h6 17. a4 bxa4 18.
Rxa4 Rxa4 19. Qxa4 Qa8 20. Qd1 Nh7 21. f4 exf4 22.
Rxf4 g5 23. Rg4 Nf6 24. Rg3 Qa7+ 25. Kh1 Nh5 26. Rg4 Nf6 27. Rg3 Nh5 28. Rh3 gxh4 29. Rxh4 Ng7 30. h3 Qe3 31. Rg4 Ra8 32. Kh2 Ra2 33.
Qf1 Rf2 34. Qa1 h5 35. Rg3 Qf4 36. h4 Qxh4+ 37. Rh3 Qf4+ 38. Kg1 Rd2 39. Rf3 Qg4 40. Qf1 f5 41. exf5 Nxf5 42. Rxf5 h4 43. Rf8+ Kg7 44.
Qf6+ Kh7 45. Rh8# 1-0

[Event "*** SCC Grand Prix: Titled Tuesday Blitz"]
[Site "Chess.com"]
[Date "2020.09.08"]
[Round "2"]
[White "MFBerna"]
[Black "pavelalexandru07"]
[Result "0-1"]
[WhiteElo "2451"]
[BlackElo "2267"]
[TimeControl "180+1"]
[EndTime "10:18:31 PDT"]
[Termination "pavelalexandru07 won on time"]

1. e4 c5 2. Nc3 Nc6 3. f4 g6 4. Nf3 Bg7 5. g3 e6 6. Bg2 Nge7 7. O-O O-O 8. d3 Nd4 9. Be3 a6 10. Qd2 b5 11. Rae1 d6 12. Nd1 Bb7 13. c3 Nxf3+ 14. Bxf3 Qc7 15. Bg2 f5 16. Nf2 Rae8 17. d4 c4 18. d5 fxe4 19. dxe6 Nf5 20. Nxe4 Rxe6 21. Ng5 Rxe3 22. Rxe3 Nxe3 23. Qxe3 Bxg2 24. Kxg2 Qc6+ 25.
Kg1 Qc5 26. Qxc5 dxc5 27. Ne6 Rc8 28. Rd1 Bf6 29. Rd6 b4 30. Nxc5 bxc3 31. bxc3 Bxc3 32. Ne4 Bb4 33. Rxa6 c3 34. Nxc3 Bxc3 35. Kg2 Bd4 36.
h4 Rc2+ 37. Kh3 Rc3 38. Ra8+ Kg7 39. Rd8 Bf2 40. Rd7+ Kh6 41. Kg2 Bxg3 42. h5 Bxf4 43. hxg6 hxg6 44. a4 g5 45. a5 Ra3 46. Rd5 Kh5 47. Kf1 Kg4 48. Ke2 Kg3 49. Rd3+ Rxd3 50. Kxd3 Bb8 51. a6 Kf3 52. Kc4 g4 53. Kd5 g3 54.
Ke6 g2 55. a7 Bxa7 0-1

[Event "*** SCC Grand Prix: Titled Tuesday Blitz"]
[Site "Chess.com"]
[Date "2020.09.08"]
[Round "2"]
[White "sofaceindisguise"]
[Black "AlexandraBotez"]
[Result "0-1"]
[WhiteElo "2607"]
[BlackElo "2238"]
[TimeControl "180+1"]
[EndTime "10:18:32 PDT"]
[Termination "AlexandraBotez won by checkmate"]

1. d4 Nf6 2. c4 g6 3. Nf3 Bg7 4. Nc3 d6 5. e4 O-O 6. Be2 Nbd7 7. O-O e5 8. Bg5 exd4 9. Nxd4 a5 10. Re1 Nc5 11. Bf1 Be6 12. Qf3 h6 13. Bh4 g5 14.
Bg3 Bg4 15. Qe3 Re8 16. f3 Bd7 17. Rad1 Ne6 18. Nf5 Nf8 19. Nxg7 Kxg7 20. c5 dxc5 21. Qxc5 Ne6 22. Qf2 c6 23. Be5 Qe7 24. Na4 Rad8 25. b3 Bc8 26. Qb2 Kg6 27. Nb6 Qc5+ 28. Kh1 Nxe4 29.
fxe4 Qxb6 30. Bf6 Rd7 31. Rxd7 Bxd7 32. e5 Nf4 33. g3 Nd5 34. Bd3+ Bf5 35. Bxf5+ Kxf5 36.
Qc2+ Ke6 37. Rf1 Ne3 38. Qd3 Nxf1 39. Qd6+ Kf5 40. Qd7+ Ke4 41. Qg4+ Kd3 42. Qc4+ Kd2 43. Qxf1 Qe3 44. Qc4 Qe1+ 45. Kg2 Qe2+ 46. Qxe2+ Kxe2 47. Kh3 h5 48. g4 h4 49. Bxg5 Rxe5 50. Bxh4 Re3+ 51.
Bg3 Kf3 52. Kh4 f6 53. Kh5 Re4 54. g5 fxg5 55. Kxg5 b5 56. Bc7 a4 57. Bd6 axb3 58.
axb3 Re2 59. h4 Re6 60. Bf4 Re4 61. Bd6 Rg4+ 62. Kh5 b4 63. Be7 Kf4 64. Kh6 Kf5 65. h5 Ke6 66. Bg5 Kf7 67. Be3 Kg8 68. Bc5 Kf7 69. Kh7 Rg5 70. Bxb4 Rxh5# 0-1

[Event "*** SCC Grand Prix: Titled Tuesday Blitz"]
[Site "Chess.com"]
[Date "2020.09.08"]
[Round "2"]
[White "baki83"]
[Black "ClydeHillKid"]
[Result "0-1"]
[WhiteElo "2742"]
[BlackElo "2352"]
[TimeControl "180+1"]
[EndTime "10:18:32 PDT"]
[Termination "ClydeHillKid won by resignation"]

1. e4 e6 2. d4 d5 3. exd5 exd5 4.
Nf3 Nf6 5. Bd3 Bd6 6. Qe2+ Qe7 7. Qxe7+ Kxe7 8. Nc3 c6 9. O-O Re8 10. Bg5 Be6 11. Ne5 h6 12. Bh4 g5 13. Bg3 Nbd7 14. Rae1 Nh5 15. f4 Nxg3 16. hxg3 f6 17. Nxc6+ bxc6 18. f5 Nf8 19. fxe6 Bxg3 20. Re3 Bf4 21. Re2 Nxe6 22. Bg6 Kd7 23. Na4 Nxd4 24. Bxe8+ Rxe8 25. Nc5+ Kd8 26. Nb7+ Kd7 27. Rxe8 Kxe8 28. c3 Ne6 29.
g3 Be5 30. Kg2 Kd7 31. Rh1 Kc7 32. Na5 Kb6 33. Nb3 Nc5 34. Nxc5 Kxc5 35. Rxh6 a5 36. Kf3 a4 37. g4 a3 38. bxa3 Bxc3 39. Ke3 Be5 40. Kd3 Kb5 41. Rh8 c5 42. a4+ Kxa4 43. Rd8 c4+ 44. Kc2 d4 45. Ra8+ Kb5 46. Rc8 d3+ 47.
Kd2 Kb4 48. Ke3 Bf4+ 49. Ke4 d2 50. Rd8 c3 51. Kf3 c2 52. Rd4+ Ka3 53. Rxd2 Bxd2 54. Ke4 c1=Q 55. Kd3 Kxa2 0-1

[Event "*** SCC Grand Prix: Titled Tuesday Blitz"]
[Site "Chess.com"]
[Date "2020.09.08"]
[Round "2"]
[White "paulrusan"]
[Black "WPWPWP-2015"]
[Result "1-0"]
[WhiteElo "2267"]
[BlackElo "2451"]
[TimeControl "180+1"]
[EndTime "10:18:32 PDT"]
[Termination "paulrusan won on time"]

1. e4 c5 2. b4 Nc6 3. bxc5 e5 4. Nf3 Bxc5 5. Bc4 Nf6 6. d3 O-O 7. O-O d5 8. exd5 Nxd5 9. h3 h6 10. Re1 Re8 11. Bd2 Kh8 12. Nc3 Nb6 13. Bxf7 Rf8 14. Bb3 Nd4 15. Nxd4 Bxd4 16. Ne4 Bxa1 17. Qxa1 Bf5 18.
Qxe5 Bxe4 19. Rxe4 Re8 20. Qxe8+ Qxe8 21. Rxe8+ Rxe8 22. Kf1 Kh7 23. f4 Nd7 24. Kf2 Nc5 25. Bc4 a6 26.
Be3 Nd7 27. a4 Rc8 28. Kf3 Nf6 29. g4 Ne8 30. a5 Nd6 31. Bb3 Kg6 32. h4 Kf6 33. Bd4+ Kg6 34. h5+ Kh7 35. Be5 Ne8 36. d4 Nf6 37. c4 Kg8 38. c5+ Kf8 39. d5 Ke8 40. Bd6 Nd7 41. Ba4 Kd8 42. c6 bxc6 43.
dxc6 Nf6 44. Be5 Ne8 45. Ke4 Ke7 46. Kf5 Kf7 47. Bb3+ Ke7 48. Bd5 Rd8 49. Be4 Nd6+ 50. Bxd6+ 1-0

[Event "*** SCC Grand Prix: Titled Tuesday Blitz"]
[Site "Chess.com"]
[Date "2020.09.08"]
[Round "2"]
[White "pooh2012"]
[Black "Synctel"]
[Result "1-0"]
[WhiteElo "2365"]
[BlackElo "1990"]
[TimeControl "180+1"]
[EndTime "10:18:32 PDT"]
[Termination "pooh2012 won on time"]

1. d4 Nf6 2. c4 e6 3. Nc3 Bb4 4. Qc2 Nc6 5. Nf3 h6 6. Bd2 O-O 7. a3 Bxc3 8. Bxc3 d6 9. e4 Re8 10. e5 dxe5 11. dxe5 Nd7 12. O-O-O Qe7 13. g4 b6 14. h4 Bb7 15. Rh3 a5 16. g5 h5 17.
Bd3 g6 18. Be4 Nc5 19. Nd2 Rad8 20. Re3 a4 21. Kb1 Na5 22. Bxb7 Naxb7 23. Bb4 Qd7 24. Ree1 Qd3 25. Re3 Qxc2+ 26. Kxc2 Rd7 27. Ne4 Rxd1 28. Nf6+ Kf8 29. Kxd1 Rc8 30. Rd3 Rd8 31. Bxc5+ bxc5 32. Rxd8+ Nxd8 33. Nd7+ Ke7 34. Nxc5 Nc6 35. Nd3 Na5 36. Kc2 Nxc4 37. Kc3 Nb6 38. Kb4 Kd7 39. Kb5 Nd5 40. Nc5+ Kc8 41. Kxa4 Nf4 42. Kb5 Nh3 43. f3 Ng1 44. f4 Nf3 45. a4 Nxh4 46. a5 Kb8 47.
Kc6 Nf5 48. Ne4 h4 49. Kd7 h3 50. Ke8 h2 51. Nf2 1-0

[Event "*** SCC Grand Prix: Titled Tuesday Blitz"]
[Site "Chess.com"]
[Date "2020.09.08"]
[Round "2"]
[White "Susal_De_Silva"]
[Black "Iball95"]
[Result "0-1"]
[WhiteElo "2487"]
[BlackElo "2721"]
[TimeControl "180+1"]
[EndTime "10:18:33 PDT"]
[Termination "Iball95 won by resignation"]

1. e4 c5 2. Nf3 Nc6 3. Bb5 d6 4. O-O Nf6 5. Re1 Bd7 6. c3 a6 7.
Bf1 Bg4 8. h3 Bxf3 9. Qxf3 e6 10. d3 Be7 11. Nd2 O-O 12. g4 d5 13. e5 Nd7 14. Qg3 Qc7 15. f4 Rae8 16. Nf3 f6 17.
Bg2 fxe5 18. fxe5 b5 19. Bf4 a5 20. Rf1 b4 21. Rae1 a4 22. c4 dxc4 23. dxc4 Nd4 24.
Kh1 Rf7 25. Nxd4 cxd4 26. b3 axb3 27. axb3 Ref8 28. g5 g6 29. h4 Nc5 30. Bh3 d3 31. Kh2 Qc6 32. Bg2 Qa6 33. Re3 Qa2 34. Rf2 Qxb3 35.
h5 Qxc4 36. Ref3 b3 37. Bh3 Ne4 38. Qg4 Nxf2 39. Qxe6 Qxe6 40. Bxe6 Ne4 41. hxg6 hxg6 42. Rxd3 Kg7 43. Bxf7 Rxf7 44. Be3 b2 45. Bd4 b1=Q 46. e6+ Kf8 47. exf7 Qxd3 0-1